Map: Blood Boil LE

Players

anarchist - Winner!

  • Race: Protoss Protoss
  • Spawn Location: 5:00

A.I. 1 (Medium)

  • Race: Protoss Protoss
  • Spawn Location: 11:00

VOD

Have the link to the VOD?

Description

Time

  • Played on: July 8, 2017, 7:30 p.m.
  • Length: 35:15
Show
View Real Time Build Order
Export as new Build Order

anarchist Protoss - Winner!

Build Orders:  

Get SALT Encoding   

  12  0:00  Unknown  
  12  0:05  Probe (Chrono Boost)  
  13  0:16  Probe (Chrono Boost)  
  14  0:23  Pylon  
  14  0:32  Probe (Chrono Boost)  
  15  0:36  Pylon  
  15  1:05  Pylon  
  15  1:10  Probe (Chrono Boost)  
  16  1:15  Forge  
  16  1:20  Probe (Chrono Boost)  
  17  1:29  Gateway  
  17  1:37  Assimilator  
  17  1:40  Assimilator, Probe (Chrono Boost)  
  18  1:51  Probe (Chrono Boost)  
  20  2:01  Probe (Chrono Boost)  
  20  2:09  Photon Cannon  
  20  2:12  Probe (Chrono Boost)  
  21  2:22  Probe (Chrono Boost)  
  22  2:30  Zealot (Chrono Boost)  
  24  2:43  Cybernetics Core  
  24  2:57  Zealot (Chrono Boost)  
  26  3:03  Protoss Shields Level 1 (Chrono Boost)  
  26  3:28  Nexus  
  26  3:32  Pylon  
  26  3:37  Pylon  
  26  3:55  Stalker (Chrono Boost)  
  28  3:59  Photon Cannon  
  28  4:23  Stalker  
  30  4:29  Pylon  
  30  4:37  Probe  
  31  4:40  Probe  
  31  4:41  Protoss Ground Weapons Level 1 (Chrono Boost)  
  32  4:50  Probe  
  32  4:51  Probe  
  33  4:53  Stalker (Chrono Boost)  
  36  5:02  Probe  
  36  5:03  Probe  
  38  5:14  Probe  
  39  5:15  Probe  
  40  5:22  Stalker (Chrono Boost)  
  40  5:26  Probe  
  40  5:27  Probe  
  44  5:43  Gateway  
  44  5:48  Stalker (Chrono Boost)  
  46  6:10  Photon Cannon  
  46  6:38  Stalker (Chrono Boost)  
  48  6:40  Pylon  
  48  6:42  Pylon  
  48  6:45  Protoss Ground Armor Level 1  
  48  7:04  Stalker (Chrono Boost)  
  48  7:05  Stargate  
  50  7:15  Twilight Council  
  50  7:30  Stalker (Chrono Boost)  
  50  7:31  Probe  
  50  7:36  Probe  
  54  7:41  Zealot (Chrono Boost)  
  54  7:43  Probe  
  57  7:48  Probe  
  58  7:55  Probe  
  58  7:57  Charge  
  59  8:00  Probe  
  59  8:01  Void Ray  
  59  8:04  Zealot (Chrono Boost)  
  66  8:07  Probe  
  66  8:12  Probe  
  70  8:28  Zealot (Chrono Boost)  
  70  8:44  Void Ray  
  74  8:51  Zealot (Chrono Boost)  
  76  9:03  Nexus  
  76  9:07  Pylon  
  76  9:08  Pylon  
  76  9:09  Protoss Air Weapons Level 1  
  76  9:10  Pylon  
  76  9:14  Zealot (Chrono Boost)  
  78  9:23  Protoss Ground Weapons Level 2 (Chrono Boost)  
  78  9:27  Void Ray  
  82  9:57  Pylon  
  82  10:06  Photon Cannon  
  82  10:07  Photon Cannon  
  82  10:22  Pylon  
  82  10:27  Pylon  
  82  10:38  Photon Cannon  
  82  10:54  Assimilator  
  64  11:29  Pylon  
  64  11:30  Pylon  
  64  11:32  Pylon  
  64  11:33  Pylon  
  64  11:40  Protoss Air Armor Level 1  
  64  11:52  Protoss Ground Weapons Level 3 (Chrono Boost)  
  64  12:19  Photon Cannon  
  64  12:30  Photon Cannon  
  64  12:31  Photon Cannon  
  64  12:33  Photon Cannon  
  64  12:38  Void Ray  
  68  13:06  Fleet Beacon  
  68  13:21  Void Ray  
  72  13:32  Protoss Air Weapons Level 2  
  72  13:35  Zealot x2  
  76  14:02  Zealot x2  
  78  14:03  Void Ray  
  78  14:07  Protoss Shields Level 2 (Chrono Boost)  
  84  14:29  Zealot  
  84  14:30  Zealot  
  88  14:43  Assimilator  
  88  14:46  Void Ray  
  88  14:47  Assimilator  
  92  14:56  Zealot  
  92  14:57  Zealot  
  96  15:23  Zealot  
  94  15:29  Void Ray  
  94  15:34  Protoss Air Weapons Level 3  
  86  16:05  Protoss Ground Armor Level 2 (Chrono Boost)  
  86  16:12  Void Ray  
  90  16:23  Zealot  
  90  16:24  Zealot  
  94  16:50  Zealot  
  94  16:51  Zealot  
  98  16:55  Void Ray  
  102  17:10  Photon Cannon  
  102  17:12  Photon Cannon  
  102  17:14  Photon Cannon  
  102  17:17  Zealot  
  102  17:18  Zealot  
  106  17:38  Void Ray  
  110  17:44  Zealot  
  110  17:45  Zealot  
  114  17:53  Protoss Air Armor Level 2  
  114  18:04  Protoss Shields Level 3 (Chrono Boost)  
  114  18:12  Zealot x2  
  118  18:20  Void Ray  
  110  19:57  Nexus  
  110  20:02  Pylon  
  110  20:03  Protoss Air Armor Level 3  
  110  20:04  Pylon  
  110  20:06  Pylon  
  110  20:09  Pylon  
  110  20:11  Pylon  
  110  20:14  Pylon  
  110  20:29  Zealot, Protoss Ground Armor Level 3 (Chrono Boost)  
  110  20:30  Zealot  
  114  20:47  Photon Cannon  
  114  20:48  Photon Cannon  
  114  20:54  Pylon  
  114  20:57  Zealot x2  
  116  21:00  Void Ray  
  122  21:04  Pylon  
  122  21:24  Zealot x2  
  126  21:43  Void Ray  
  126  21:45  Assimilator  
  130  21:51  Assimilator, Zealot x2  
  134  22:18  Zealot x2  
  138  22:26  Void Ray (Chrono Boost)  
  142  23:08  Void Ray (Chrono Boost)  
  146  23:18  Pylon  
  146  23:22  Pylon  
  146  23:25  Pylon  
  146  23:27  Pylon  
  146  23:30  Pylon  
  146  23:37  Pylon  
  146  23:41  Pylon  
  146  23:45  Void Ray (Chrono Boost)  
  146  23:47  Photon Cannon  
  150  23:49  Photon Cannon  
  150  23:54  Photon Cannon  
  150  23:57  Photon Cannon  
  150  23:59  Stargate  
  150  24:22  Void Ray (Chrono Boost)  
  154  24:25  Zealot x2  
  158  24:52  Zealot x2  
  162  24:55  Gateway  
  162  24:59  Void Ray (Chrono Boost), Gateway  
  170  25:00  Void Ray (Chrono Boost)  
  170  25:01  Gateway  
  170  25:19  Zealot x2  
  174  25:36  Void Ray (Chrono Boost)  
  174  25:37  Blink  
  182  25:42  Void Ray (Chrono Boost)  
  182  25:46  Zealot x2  
  170  25:54  Stalker  
  170  25:55  Stalker x2  
  138  26:13  Zealot x2  
  138  26:14  Void Ray (Chrono Boost)  
  146  26:24  Stalker x2  
  146  26:25  Stalker, Void Ray (Chrono Boost)  
  156  26:40  Stalker x2  
  160  26:51  Void Ray (Chrono Boost)  
  164  26:54  Stalker x2  
  164  26:55  Stalker  
  174  27:08  Void Ray (Chrono Boost)  
  174  27:10  Stalker x2  
  178  27:24  Zealot  
  178  27:25  Zealot x2  
  178  27:28  Void Ray (Chrono Boost)  
  188  27:40  Zealot  
  190  27:51  Zealot, Void Ray (Chrono Boost)  
  194  27:52  Zealot x2  
  200  28:07  Zealot  
  190  28:34  Zealot, Void Ray (Chrono Boost)  
  174  29:17  Void Ray (Chrono Boost)  
  172  30:08  Void Ray (Chrono Boost)  
  180  30:18  Void Ray (Chrono Boost)  
  178  30:45  Void Ray (Chrono Boost)  
  184  31:01  Void Ray (Chrono Boost)  
  184  31:22  Void Ray (Chrono Boost)  
  190  31:44  Void Ray (Chrono Boost)  
  188  31:59  Void Ray (Chrono Boost)  
  196  32:27  Void Ray (Chrono Boost)  
  200  32:37  Void Ray (Chrono Boost)  
  200  33:10  Void Ray (Chrono Boost)  
Show
View Real Time Build Order
Export as new Build Order

A.I. 1 (Medium) Protoss 

Build Orders: 1 Gate Expand 

Get SALT Encoding   

  12  0:00  Unknown  
  12  0:01  Probe (Chrono Boost)  
  13  0:11  Probe (Chrono Boost)  
  14  0:20  Pylon  
  14  0:22  Probe (Chrono Boost)  
  15  0:38  Probe (Chrono Boost)  
  16  0:49  Probe (Chrono Boost)  
  17  0:50  Gateway  
  17  1:10  Nexus  
  17  1:13  Probe (Chrono Boost)  
  18  1:26  Pylon  
  18  1:32  Assimilator  
  18  1:35  Zealot  
  20  1:43  Cybernetics Core  
  20  1:45  Probe (Chrono Boost)  
  21  1:56  Probe (Chrono Boost)  
  22  2:07  Probe (Chrono Boost)  
  23  2:09  Gateway  
  23  2:15  Assimilator  
  23  2:16  Stalker  
  25  2:25  Probe (Chrono Boost), Pylon  
  26  2:39  Probe (Chrono Boost)  
  26  2:43  Warp Gate  
  27  2:44  Adept  
  27  2:50  Probe (Chrono Boost)  
  30  2:55  Adept  
  32  3:02  Assimilator  
  32  3:19  Stalker  
  34  3:25  Probe (Chrono Boost)  
  35  3:28  Probe (Chrono Boost)  
  36  3:36  Probe (Chrono Boost)  
  36  3:39  Probe (Chrono Boost)  
  38  3:42  Zealot  
  38  3:45  Robotics Facility  
  38  3:47  Probe (Chrono Boost)  
  41  3:58  Probe (Chrono Boost)  
  42  4:05  Adept, Pylon  
  42  4:06  Probe (Chrono Boost)  
  46  4:11  Probe (Chrono Boost)  
  47  4:17  Probe (Chrono Boost)  
  47  4:23  Probe (Chrono Boost)  
  48  4:28  Stalker, Probe (Chrono Boost)  
  51  4:35  Probe (Chrono Boost)  
  52  4:39  Pylon  
  52  4:40  Probe (Chrono Boost)  
  53  4:46  Probe (Chrono Boost)  
  54  4:54  Stalker  
  54  4:58  Probe (Chrono Boost)  
  57  5:01  Pylon  
  57  5:03  Probe (Chrono Boost)  
  58  5:09  Probe (Chrono Boost)  
  60  5:14  Probe (Chrono Boost)  
  60  5:17  Sentry  
  60  5:18  Observer  
  60  5:20  Probe (Chrono Boost)  
  64  5:24  Pylon  
  64  5:25  Probe (Chrono Boost)  
  65  5:32  Forge  
  66  5:35  Probe (Chrono Boost)  
  66  5:37  Observer  
  66  5:42  Probe (Chrono Boost)  
  68  5:45  Pylon  
  68  5:46  Probe (Chrono Boost)  
  69  5:54  Probe (Chrono Boost), Pylon  
  69  5:55  Immortal  
  71  5:57  Probe (Chrono Boost)  
  71  5:59  Pylon  
  75  6:04  Stargate  
  75  6:05  Probe (Chrono Boost)  
  75  6:07  Photon Cannon  
  75  6:08  Probe (Chrono Boost)  
  75  6:10  Photon Cannon  
  77  6:11  Twilight Council  
  77  6:15  Probe (Chrono Boost)  
  78  6:20  Probe (Chrono Boost)  
  78  6:22  Gateway  
  78  6:25  Photon Cannon  
  79  6:26  Probe (Chrono Boost)  
  79  6:29  Immortal  
  80  6:34  Forge  
  84  7:04  Immortal  
  87  7:40  Observer  
  88  8:50  Observer  
  88  9:18  Nexus  
  88  9:54  Protoss Ground Weapons Level 1  
  88  9:55  Protoss Ground Armor Level 1  
  88  10:01  Warp Prism  
  88  10:04  Sentry  
  92  10:09  Gateway  
  92  10:14  Pylon  
  92  10:17  Dark Shrine  
  92  10:33  Immortal  
  92  10:41  Assimilator  
  96  10:44  Assimilator  
  96  11:03  Zealot  
  92  11:10  Observer  
  78  11:17  Stalker  
  69  11:26  Warp Prism  
  69  11:30  Stalker  
  73  11:44  Stalker  
  75  11:58  Stalker  
  77  12:11  Sentry  
  79  12:20  Immortal  
  83  12:54  Immortal  
  87  13:07  Nexus  
  87  13:28  Immortal  
  91  14:02  Immortal  
  95  14:27  Assimilator  
  95  14:30  Pylon  
  95  14:34  Pylon  
  95  14:35  Assimilator  
  95  14:42  Protoss Ground Weapons Level 2  
  95  14:44  Protoss Ground Armor Level 2  
  95  14:48  Protoss Air Weapons Level 1  
  95  14:54  Zealot  
  95  14:58  Photon Cannon  
  95  14:59  Void Ray  
  101  15:00  Photon Cannon  
  101  15:04  Zealot  
  103  15:09  Zealot  
  105  15:14  Zealot  
  105  15:19  Stalker  
  107  15:24  Stalker  
  101  15:30  Adept  
  101  15:31  Observer  
  101  15:35  Stalker  
  93  15:40  Sentry  
  93  15:41  Void Ray  
  86  15:50  Stalker  
  86  15:52  Observer  
  86  15:53  Blink  
  86  15:55  Stalker  
  91  16:00  Stalker  
  93  16:05  Sentry  
  95  16:12  Zealot  
  97  16:32  Protoss Air Armor Level 1  
  97  16:43  Protoss Shields Level 1  
  97  16:45  Protoss Ground Weapons Level 3  
  97  17:57  Nexus  
  97  18:12  Immortal  
  101  18:20  Protoss Ground Armor Level 3  
  101  18:43  Sentry  
  85  18:49  Stalker, Observer  
  69  18:56  Stalker  
  69  19:02  Sentry  
  73  19:05  Protoss Shields Level 2  
  73  19:09  Stalker  
  75  19:15  Adept  
  77  19:21  Stalker  
  79  19:26  Assimilator  
  79  19:28  Zealot, Pylon  
  81  19:32  Pylon  
  81  19:34  Zealot  
  83  19:41  Zealot  
  85  19:53  Photon Cannon  
  85  19:55  Photon Cannon  
  85  21:07  Protoss Shields Level 3  
  85  21:39  Observer  
  85  21:40  Dark Templar  
  85  21:45  Void Ray  
  91  21:57  Dark Templar  
  93  22:10  Stalker  
  71  22:16  Observer  
  71  22:18  Stalker  
  73  22:26  Sentry  
  75  22:33  Sentry  
  77  22:41  Stalker  
  79  22:49  Zealot  
  81  22:57  Zealot  
  83  23:05  Dark Templar, Archon  
  83  23:08  Void Ray  
  89  23:22  Dark Templar  
  91  23:36  Archon  
  91  23:37  Dark Templar  
  93  23:42  Nexus  
  93  23:45  Dark Templar  
  95  24:02  Dark Templar, Archon  
  97  24:10  Dark Templar  
  99  24:25  Dark Templar, Archon  
  101  24:33  Dark Templar  
  103  24:48  Archon  
  103  25:06  Assimilator  
  103  25:08  Void Ray, Pylon  
  103  25:10  Pylon  
  103  25:12  Assimilator  
  103  25:21  Zealot  
  103  25:26  Zealot  
  107  25:32  Zealot  
  107  25:33  Photon Cannon  
  109  25:35  Photon Cannon  
  109  25:37  Stalker  
  109  25:42  Stalker  
  113  25:47  Stalker  
  111  25:52  Adept  
  101  25:57  Zealot  
  101  26:02  Zealot  
  101  26:07  Observer, Sentry  
  81  26:12  Sentry  
  81  26:18  Stalker  
  85  26:22  Void Ray  
  85  26:23  Stalker  
  91  26:33  Stalker  
  93  26:59  Void Ray  
  88  28:23  Probe (Chrono Boost)  
  88  28:25  Zealot  
  88  28:26  Probe (Chrono Boost)  
  85  28:29  Photon Cannon, Nexus  
  85  28:30  Probe (Chrono Boost)  
  85  28:31  Stalker  
  84  28:34  Photon Cannon  
  84  28:36  Stalker  
  78  28:44  Observer, Zealot  
  78  28:46  Nexus  
  80  28:52  Zealot  
  82  29:00  Zealot  
  84  29:08  Zealot  
  86  29:15  Zealot  
  74  29:20  Void Ray  
  58  29:25  Immortal  
  60  29:32  Probe (Chrono Boost)  
  60  29:36  Zealot  
  62  29:43  Probe (Chrono Boost)  
  62  29:44  Stalker  
  62  29:45  Probe (Chrono Boost)  
  65  29:49  Probe (Chrono Boost)  
  65  29:50  Probe (Chrono Boost), Pylon  
  65  29:51  Stalker  
  57  29:54  Assimilator, Probe (Chrono Boost)  
  57  29:56  Probe (Chrono Boost)  
  57  29:58  Stalker, Pylon  
  50  30:00  Probe (Chrono Boost)  
  50  30:01  Pylon  
  50  30:02  Probe (Chrono Boost)  
  50  30:05  Stalker, Probe (Chrono Boost)  
  50  30:08  Probe (Chrono Boost)  
  50  30:10  Robotics Facility  
  50  30:11  Stargate, Probe (Chrono Boost)  
  50  30:12  Robotics Bay, Zealot  
  50  30:13  Probe (Chrono Boost)  
  49  30:15  Templar Archives  
  49  30:16  Probe (Chrono Boost), Void Ray  
  49  30:21  Probe (Chrono Boost)  
  47  30:23  Probe (Chrono Boost)  
  47  30:25  Probe (Chrono Boost)  
  47  30:26  Photon Cannon  
  47  30:27  Zealot  
  47  30:28  Photon Cannon, Probe (Chrono Boost)  
  51  30:32  Probe (Chrono Boost)  
  51  30:33  Immortal  
  51  30:34  Probe (Chrono Boost)  
  57  30:38  Probe (Chrono Boost)  
  57  30:41  Stalker, Probe (Chrono Boost)  
  54  30:44  Probe (Chrono Boost)  
  54  30:46  Probe (Chrono Boost)  
  54  30:48  Stalker  
  54  30:49  Probe (Chrono Boost)  
  38  30:52  Probe (Chrono Boost)  
  38  30:56  Stalker  
  38  30:57  Probe (Chrono Boost)  
  35  31:01  Probe (Chrono Boost)  
  35  31:03  Zealot  
  37  31:04  Probe (Chrono Boost)  
  37  31:07  Probe (Chrono Boost)  
  37  31:10  Probe (Chrono Boost), Zealot  
  33  31:13  Probe (Chrono Boost)  
  33  31:16  Probe (Chrono Boost)  
  33  31:17  Zealot  
  33  31:18  Probe (Chrono Boost)  
  33  31:21  Probe (Chrono Boost)  
  33  31:24  Probe (Chrono Boost), Zealot  
  36  31:27  Probe (Chrono Boost)  
  36  31:32  Pylon  
  40  31:33  Probe (Chrono Boost)  
  40  31:37  Probe (Chrono Boost)  
  40  31:39  Probe (Chrono Boost), Zealot  
  43  31:45  Nexus  
  39  31:47  Probe (Chrono Boost)  
  39  31:48  Probe (Chrono Boost)  
  39  31:51  Probe (Chrono Boost)  
  41  31:57  Pylon  
  41  31:58  Probe (Chrono Boost)  
  41  31:59  Gateway  
  41  32:01  Probe (Chrono Boost), Forge  
  41  32:07  Forge  
  43  32:08  Probe (Chrono Boost)  
  43  32:12  Probe (Chrono Boost)  
  43  32:19  Probe (Chrono Boost)  
  44  32:36  Probe (Chrono Boost)  
  36  32:39  Assimilator  
  36  32:42  Pylon  
  36  32:44  Assimilator  
  31  32:47  Probe (Chrono Boost)  
  32  32:55  Pylon  
  32  32:57  Probe x2 (Chrono Boost)  
  26  33:08  Probe (Chrono Boost)  
  26  33:10  Pylon  
  27  33:13  Probe (Chrono Boost), Pylon  
  27  33:18  Probe (Chrono Boost)  
  23  33:30  Pylon  
  15  33:46  Pylon  
  15  34:01  Probe (Chrono Boost)  
  16  34:09  Nexus  
  16  34:12  Probe (Chrono Boost)  
  17  34:30  Nexus  
  16  34:39  Assimilator, Probe (Chrono Boost)  
  10  35:04  Nexus  
Tags
 
Matchup
PvP
Spawn Locations
Cross Positions
Add a new tag
Caveats
  • Supply blocks, unpowered buildings, or Contaminate may cause inaccurate times.
  • Supply counts are checked every 10 seconds.